 Dungeon Crawl Stone Soup version 0.31-a0-128-g25add195a6 (webtiles) character file.

Game seed: 7792554099032670549

348 Jeffwins the Sneak (level 6, -1/41 HPs)
             Began as an Octopode Wanderer on June 1, 2023.
             Slain by a phantom (3 damage)
             ... on level 5 of the Dungeon on June 2, 2023.
             The game lasted 00:05:14 (2124 turns).

Jeffwins the Sneak (Octopode Wanderer)              Turns: 2124, Time: 00:05:15

Health: -1/41      AC:  4    Str: 10    XL:     6   Next: 60%
Magic:  10/17      EV: 17    Int: 18    God:
Gold:   89         SH:  4    Dex: 11    Spells: 6/8 levels left

rFire   . . .        l - +0 dagger (protect)
rCold   . . .        d - +0 buckler {AC+3}
rNeg    . . .        b - +0 hat
rPois   .            (no amulet)
rElec   .            E - +5 ring of evasion
rCorr   .            W - ring of magical power
SInv    .            (no ring)
Will    .....        (no ring)
Stlth   +++          (no ring)
HPRegen 0.26/turn    (no ring)
MPRegen 0.15/turn    (no ring)
                     (no ring)

%: no passive effects
@: no status effects
A: almost no armour, amphibious, 8 rings, camouflage 1, gelatinous body 1,
(nimble swimmer 1), tentacles
a: no special abilities


You were on level 5 of the Dungeon.
You visited 1 branch of the dungeon, and saw 4 of its levels.

You collected 89 gold pieces.


Innate Abilities, Weirdness & Mutations

You cannot wear most types of armour.
You are amphibious.
You can wear up to eight rings at the same time.
Your skin changes colour to match your surroundings (Stealth+).
Your rubbery body absorbs attacks. (AC +1, EV +1)
((You are camouflaged when in or above water. (Stealth+)))
You have tentacles for arms and can constrict up to eight enemies at once.


   Skills:
 + Level 2.9 Fighting
 * Level 3.1 Short Blades
 + Level 2.3 Dodging
 + Level 4.2 Stealth
 + Level 3.7 Shields
 + Level 1.5 Spellcasting
 - Level 1.0 Transmutations
 * Level 1.8 Fire Magic
 + Level 1.2 Evocations


You had 6 spell levels left.
You knew the following spells:

 Your Spells              Type           Power      Damage    Failure   Level
z - Scorch                Fire           16%        2d5       19%         2

Your spell library contained the following spells:

 Spells                   Type           Power      Damage    Failure   Level
 Wereblood                Tmut           5%         N/A       26%         2
 Passwall                 Tmut/Erth      2%         N/A       32%         2
 Tukima's Dance           Hex            1%         N/A       63%         3
 Flame Wave               Conj/Fire      4%         2d5       88%         4
 Passage of Golubria      Tloc           1%         N/A       95%         4
 Yara's Violent Unravell  Hex/Tmut       1%         3d3       99%         5
 Summon Cactus Giant      Summ           0%         N/A       100%        6

Inventory:

Hand Weapons
 a - a +0 dagger
 l - a +0 dagger of protection (weapon)
Armour
 b - a +0 hat (worn)
 d - a +0 buckler of protection (worn)
Jewellery
 E - a +5 ring of evasion (left tentacle)
 W - a ring of magical power (right tentacle)
Wands
 r - a wand of mindburst (15)
Scrolls
 c - a scroll of blinking
 e - 3 scrolls of poison {unknown}
 f - a scroll of fear {unknown}
 g - 2 scrolls of enchant weapon {unknown}
 n - a scroll of vulnerability {unknown}
 o - 3 scrolls of identify {unknown}
 q - a scroll of immolation {unknown}
Potions
 h - 4 potions of degeneration {unknown}
 i - a potion of mutation {unknown}
 j - 3 potions of enlightenment {unknown}
 k - a potion of haste {unknown}
 m - 2 potions of curing {unknown}
 p - a potion of lignification {unknown}

Dungeon Overview and Level Annotations

Branches:
Dungeon (3/15)

Altars:

.## .... #.#
..## # #.#.##.#
...## #.#......#
....###...?.#..#
....+.......#..#
....#
#.......5###
...#
#......../.#
..##
###.###.##W# .##
##.##@# ##
#..##.# # #
#.###.# #
#.##.###.# ##
#........# .##
####.##### ..#
##### #.# .##
#...# #.# ##
#...####.#


You could see a phantom (combustible) and a white imp.


Message History

The white imp is almost dead.
The white imp's fire resistance burns away.
The white imp gestures at you. The puff of frost hits you!
* * * LOW HITPOINT WARNING * * *
You see here a wand of charming (8).
Casting: Scorch (safe; 19% risk of failure)
Confirm with . or Enter, or press ? or * to list all spells.
Flames lash the phantom.
The phantom is lightly damaged.
The phantom's fire resistance burns away.
The white imp gestures at you. The puff of frost misses you.
The white imp attacks as you move away! You block the white imp's attack.
The white imp gestures at you. The puff of frost misses you.
Casting: Scorch (safe; 19% risk of failure)
Confirm with . or Enter, or press ? or * to list all spells.
Flames lash the phantom.
The phantom is burned terribly!
The phantom is heavily damaged.
The white imp gestures at you. The puff of frost hits you!
* * * LOW HITPOINT WARNING * * *
The white imp is no longer more vulnerable to fire.
Casting: Scorch (safe; 19% risk of failure)
Confirm with . or Enter, or press ? or * to list all spells.
Flames lash the phantom.
The phantom is burned terribly!
The phantom is severely damaged.
The phantom hits you.
You die...

Skill      XL: |  1  2  3  4  5  6 |
---------------+-------------------+-----
Stealth        | 3 4 |  4.2
Short Blades   | 1 2 3 |  3.1
Dodging        | 2 |  2.3
Fire Magic     | 1 |  1.8
Evocations     | 1 |  1.2
Fighting       | |  2.9
Shields        | |  3.7
Spellcasting   | |  1.5
Transmutations | |  1.0

Action                     |  1- 3 |  4- 6 || total
---------------------------+-------+-------++-------
  Melee: Dagger            |    82 |    38 ||   120
         Constrict         |    15 |     5 ||    20
         Tentacles         |    20 |     6 ||    26
         Punch             |     1 |     1 ||     2
   Cast: Scorch            |       |     6 ||     6
  Evoke: Wand              |       |     1 ||     1
   Stab: Sleeping          |    14 |     8 ||    22
         Distracted        |     1 |     1 ||     2
 Armour: Skin              |     9 |     6 ||    15
  Dodge: Dodged            |    36 |    20 ||    56
  Block: Buckler           |     9 |     5 ||    14

Levels and vault maps discovered:
D:1:      lightli_arrival_statuegarden, layout_basic,
          dreamdust_ecumenical_altar_drowned_temple, kennysheep_flooded_box,
          st_stairs_1, hangedman_decor_points, chequers_garden,
          chequers_big_river, minmay_pentomino_t4
D:2:      layout_basic, serial_rivers, chequers_serial_rivers_micro_a,
          chequers_serial_rivers_marsh, chequers_serial_rivers_room_a,
          chequers_serial_rivers_micro_a
D:3:      layout_loops_corners, minmay_snake_closets, uniq_sigmund
D:5:      layout_loops_corners, nicolae_sif_muna_little_library,
          minmay_temple_entry_waves, feat_on_display, uniq_eustachio

Notes
Turn   | Place    | Note
-------+----------+-------------------------------------------
     0 | D:1      | Jeffwins the Octopode Wanderer began the quest for the Orb.
     0 | D:1      | Jeffwins set off with the following items: a +0 dagger, a
                  | +0 hat, a scroll of blinking, a +0 buckler of protection;
                  | and the following spells available to memorise: Wereblood,
                  | Passwall.
     0 | D:1      | Reached XP level 1. HP: 14/14 MP: 2/2
   191 | D:1      | Reached XP level 2. HP: 17/19 MP: 3/3
   241 | D:1      | Reached skill level 3 in Stealth
   257 | D:1      | Reached skill level 1 in Short Blades
   386 | D:1      | Found a faded altar of an unknown god.
   446 | D:1      | Reached XP level 3. HP: 22/24 MP: 4/4
  1332 | D:2      | Reached XP level 4. HP: 30/30 MP: 5/5
  1429 | D:2      | Reached skill level 2 in Short Blades
  1782 | D:3      | Learned a level 2 spell: Scorch
  1909 | D:3      | Noticed Sigmund
  1926 | D:3      | Killed Sigmund
  1927 | D:3      | Reached skill level 2 in Dodging
  1927 | D:3      | Reached skill level 4 in Stealth
  1927 | D:3      | Reached skill level 1 in Fire Magic
  1927 | D:3      | Reached skill level 1 in Evocations
  1927 | D:3      | Reached XP level 5. HP: 34/36 MP: 7/7
  1927 | D:3      | Reached XP level 6. HP: 39/41 MP: 8/8
  1988 | D:3      | You fall into a shaft and drop 2 floors!
  1988 | D:5      | Entered Level 5 of the Dungeon
  1998 | D:5      | Noticed an ice beast
  2004 | D:5      | Killed an ice beast
  2005 | D:5      | Reached skill level 3 in Short Blades
  2122 | D:5      | HP: 1/41 [white imp/puff of frost (7)]
  2124 | D:5      | Slain by a phantom

Vanquished Creatures
  Sigmund (D:3)
  An ice beast (D:5)
  3 adders
  A worm (D:3)
  A dart slug (D:2)
  5 ball pythons
  8 endoplasms
  6 giant cockroaches
  6 goblins
  3 hobgoblins (D:2)
  5 jackals
  A quokka (D:1)
  6 bats
  4 frilled lizards
  3 kobolds
  8 rats
  A spectral hobgoblin (D:1)
63 creatures vanquished.

Table legend: (Time is in decaauts)
 A = Elapsed time spent in this place.
 B = Non-inter-level travel time spent in this place.
 C = Inter-level travel time spent in this place.
 D = Time resting spent in this place.
 E = Time spent auto-exploring this place.
 F = Levels seen in this place.
 G = Mean time per level.
                   A        B        C        D        E       F      G
               +--------+--------+--------+--------+--------+-----+--------+
         Total |   2120 |   2076 |     44 |      0 |   1629 |   4 |  530.0 |
       Dungeon |   2120 |   2076 |     44 |      0 |   1629 |   4 |  530.0 |
               +--------+--------+--------+--------+--------+-----+--------+

Top non-repeatable levels by time:
     D:1: 948 daAuts
     D:2: 643 daAuts
     D:3: 392 daAuts
     D:5: 135 daAuts

Table legend:
 A = Non-vault XP
 B = Vault XP
 C = Vault XP percentage of total XP
 D = Non-vault monster count
 E = Vault monster count
 F = Vault count percentage of total count
                 A         B        C        D         E       F
            +---------+---------+-------+---------+---------+-------
      Total |     269 |     229 |  46.0 |      59 |       4 |   6.3
            +---------+---------+-------+---------+---------+-------
        D:1 |      49 |       3 |   5.8 |      30 |       3 |   9.1
        D:2 |      59 |       0 |   0.0 |      20 |       0 |   0.0
        D:3 |      29 |     226 |  88.6 |       8 |       1 |  11.1
        D:5 |     132 |       0 |   0.0 |       1 |       0 |   0.0
            +---------+---------+-------+---------+---------+-------
